Arizona Coyotes vs Montreal Canadiens
Created - Wednesday, November 20, 2024 at 08:57
Goals
|
| Arizona Coyotes |
0 |
2 |
3 |
5 |
| Montreal Canadiens |
1 |
0 |
0 |
1 |
|
Shots
|
| Arizona Coyotes |
13 |
11 |
11 |
35 |
| Montreal Canadiens |
8 |
8 |
10 |
26 |
|
1st period
1. Montreal Canadiens , Jonatan Berggren 1 (Vladislav Namestnikov 6, Luke Glendening 7) at 6:01
Penalties :
Radko Gudas (AZC) for Roughing (Minor) at 2:50, Mason McTavish (AZC) for Roughing (Minor) at 17:19
2nd period
2. Arizona Coyotes , Brandon Tanev 7 (Ross Colton 14, Ryan Donato 14) at 0:37
3. Arizona Coyotes , Mats Zuccarello 30 (Brayden McNabb 13) at 17:21 (SH)
Penalties :
Adam Fox (MTL) for Tripping (Minor) at 8:53, Mason McTavish (AZC) for Hooking (Minor) at 16:29, Juraj Slafkovsky (MTL) for High sticking (Minor) at 19:50
3rd period
4. Arizona Coyotes , Brandon Tanev 8 (Ross Colton 15, Ryan Donato 15) at 2:24
5. Arizona Coyotes , Mark Jankowski 7 (Ondrej Palat 12, Matt Dumba 12) at 3:25
6. Arizona Coyotes , Erik Haula 21 (Jakob Silfverberg 6, Mark Jankowski 8) at 9:52
Penalties :
Radko Gudas (AZC) for Roughing (Minor) at 5:30, Brady Skjei (MTL) for Tripping (Minor) at 5:34, Erik Haula (AZC) for Roughing (Minor) at 10:00, Ross Colton (AZC) for Interference (Minor) at 13:22
Goalie Stats
Petr Mrazek (AZC), 25 saves from 26 shots - (0.962), W, 27-27-6, 60:00 minutes
David Rittich (MTL), 30 saves from 35 shots - (0.857), L, 6-12-3, 60:00 minutes
Players Stats for Arizona Coyotes
Player Name G A P +/- PIM S H SB GA TA FO MP PP MP PK MP
------------------------------------------------------------------------------------
Brandon Tanev 2 0 2 2 0 5 1 0 1 0 0/0 13:29 1:56 0:24
Brayden McNabb 0 1 1 2 0 0 1 0 0 0 0/0 23:21 1:49 4:43
Charlie Coyle 0 0 0 0 0 1 0 1 0 0 9/22 20:17 2:02 4:33
Erik Haula 1 0 1 0 2 5 2 1 0 1 9/17 13:53 1:56 0:00
Jakob Silfverberg 0 1 1 2 0 0 0 0 0 2 0/1 10:14 0:00 2:01
Jani Hakanpaa 0 0 0 2 0 1 0 2 0 1 0/0 24:05 2:13 5:16
Jared Spurgeon 0 0 0 2 0 2 1 3 0 1 0/0 24:05 2:13 5:16
Johnathan Kovacevic 0 0 0 0 0 2 0 0 0 0 0/0 14:00 0:04 0:33
Mark Jankowski 1 1 2 1 0 2 2 0 0 0 1/2 7:49 0:00 0:00
Mason McTavish 0 0 0 0 4 3 2 0 0 1 2/2 18:15 1:56 2:44
Mats Zuccarello 1 0 1 1 0 3 0 0 0 0 2/3 20:37 2:06 4:40
Matt Dumba 0 1 1 0 0 0 0 0 0 0 0/0 13:53 0:00 0:39
Ondrej Palat 0 1 1 1 0 2 1 0 0 0 0/0 7:49 0:00 0:00
Radko Gudas 0 0 0 2 4 0 5 2 0 0 0/0 20:44 1:49 3:31
Ross Colton 0 2 2 2 2 3 0 0 1 0 3/8 11:49 0:04 0:00
Ryan Donato 0 2 2 2 0 0 1 0 0 0 0/0 12:46 0:00 0:59
Tyler Seguin 0 0 0 0 0 5 2 0 1 0 0/1 19:19 2:02 4:37
Zach Parise 0 0 0 0 0 1 0 0 0 0 0/1 11:35 0:00 0:00
Players Stats for Montreal Canadiens
Player Name G A P +/- PIM S H SB GA TA FO MP PP MP PK MP
------------------------------------------------------------------------------------
Adam Fox 0 0 0 -1 2 4 3 0 0 0 0/0 24:56 6:21 0:48
Alexandre Carrier 0 0 0 -3 0 0 1 0 0 0 0/0 16:11 3:38 0:37
Aliaksei Protas 0 0 0 -2 0 0 0 0 0 0 0/0 15:40 3:21 1:58
Brady Skjei 0 0 0 0 2 1 7 1 0 0 0/0 27:37 6:20 2:10
Damon Severson 0 0 0 -1 0 1 0 0 0 0 0/0 21:42 3:38 1:11
Dylan Larkin 0 0 0 -1 0 4 5 0 2 1 19/30 21:33 6:26 0:00
Evgeni Dadonov 0 0 0 -2 0 1 0 0 0 0 0/0 10:39 0:27 0:04
Ilya Lyubushkin 0 0 0 -2 0 0 2 1 0 1 0/0 12:41 0:00 0:41
Jack Johnson 0 0 0 -1 0 0 2 2 0 0 0/0 17:03 0:00 2:37
Jake Evans 0 0 0 -1 0 0 0 0 1 1 6/11 13:03 0:00 2:04
Jonatan Berggren 1 0 1 1 0 3 0 0 0 0 0/0 9:35 0:00 0:00
Juraj Slafkovsky 0 0 0 -2 2 2 1 2 0 0 2/2 18:48 3:21 0:00
Luke Glendening 0 1 1 1 0 0 3 0 0 0 3/4 11:44 0:00 2:04
Martin Necas 0 0 0 -1 0 7 1 0 1 0 1/1 16:27 6:26 0:00
Patrik Laine 0 0 0 -1 0 1 1 0 0 0 0/1 21:50 6:23 0:00
Rasmus Asplund 0 0 0 -2 0 0 0 0 0 0 0/1 10:10 0:12 0:00
Vasili Ponomarev 0 0 0 -2 0 1 0 1 0 0 0/4 9:38 0:00 0:00
Vladislav Namestnikov 0 1 1 0 0 1 1 1 2 0 0/3 14:43 3:21 1:54
3 Stars
1 - Brandon Tanev (AZC)
2 - Mark Jankowski (AZC)
3 - Ryan Donato (AZC)
Power Play
Arizona Coyotes - 0 on 3 Attempt(s) - 0.00%
Montreal Canadiens - 0 on 6 Attempt(s) - 0.00%
Penalty Kill
Arizona Coyotes - 6 on 6 Attempt(s) - 100.00%
- Score 1 goal in Penalty Kill
Montreal Canadiens - 3 on 3 Attempt(s) - 100.00%
- Score 0 goal in Penalty Kill
Team Stat
Arizona Coyotes - Hits : 18 - Faceoff Wins : 26 - Blocked Shots : 9 - Penalty Minutes : 12
Montreal Canadiens - Hits : 27 - Faceoff Wins : 31 - Blocked Shots : 8 - Penalty Minutes : 6
Official
Referees : Eric Furlatt and Reid Anderson
Linesman : Joseph Mahon and Travis Gawryletz
Game Notes
No Game Note
Finance
Level 1 -- Attendance: 5559 (92.65%) -- Ticket Income $516,987
Level 2 -- Attendance: 4762 (95.24%) -- Ticket Income $252,386
Level 3 -- Attendance: 2801 (93.37%) -- Ticket Income $89,632
Level 4 -- Attendance: 4919 (98.38%) -- Ticket Income $108,218
Luxury Box -- Attendance: 704 (70.40%) -- Ticket Income $137,280
Game was played at the Bell Centre.
Total Attendance: 18745 (93.73%)
Total Ticket Income: $1,104,503
Other Income: $386,576
Total Income: $1,491,079
Arizona Coyotes
5 vs 5 Forward
Center Left Wing Right Wing Time % Phy DF OF
1 Charlie Coyle Mason McTavish Mats Zuccarello 30 1 2 2
2 Erik Haula Zach Parise Tyler Seguin 30 1 2 2
3 Ross Colton Brandon Tanev Ryan Donato 25 1 2 2
4 Mark Jankowski Jakob Silfverberg Ondrej Palat 15 1 2 2
5 vs 5 Defense
Defense Defense Time % Phy DF OF
1 Jared Spurgeon Jani Hakanpaa 35 1 2 2
2 Radko Gudas Brayden McNabb 35 1 2 2
3 Matt Dumba Johnathan Kovacevic 30 1 2 2
4 Jared Spurgeon Jani Hakanpaa 0 1 2 2
PowerPlay Forward
Center Left Wing Right Wing Time % Phy DF OF
1 Charlie Coyle Mats Zuccarello Tyler Seguin 50 1 2 2
2 Mason McTavish Erik Haula Brandon Tanev 50 1 2 2
PowerPlay Defense
Defense Defense Time % Phy DF OF
1 Jared Spurgeon Jani Hakanpaa 50 1 2 2
2 Radko Gudas Brayden McNabb 50 1 2 2
Penalty Kill 4 Players Forward
Center Wing Time % Phy DF OF
1 Charlie Coyle Tyler Seguin 50 1 2 2
2 Mats Zuccarello Mason McTavish 50 1 2 2
Penalty Kill 4 Players Defense
Defense Defense Time % Phy DF OF
1 Jared Spurgeon Jani Hakanpaa 50 1 2 2
2 Radko Gudas Brayden McNabb 50 1 2 2
Penalty Kill - 3 Players Forward
Forward Time % Phy DF OF
1 Charlie Coyle 50 1 2 2
2 Tyler Seguin 50 1 2 2
Penalty Kill - 3 Players Defense
Defense Defense Time % Phy DF OF
1 Jared Spurgeon Jani Hakanpaa 50 1 2 2
2 Radko Gudas Brayden McNabb 50 1 2 2
4 vs 4 Forward
Center Wing Time % Phy DF OF
1 Charlie Coyle Tyler Seguin 50 1 2 2
2 Mats Zuccarello Mason McTavish 50 1 2 2
4 vs 4 Defense
Defense Defense Time % Phy DF OF
1 Jared Spurgeon Jani Hakanpaa 50 1 2 2
2 Radko Gudas Brayden McNabb 50 1 2 2
Last Minutes Offensive
Center Left Wing Right Wing Defense Defense
Charlie Coyle Mats Zuccarello Tyler Seguin Jared Spurgeon Jani Hakanpaa
Last Minutes Defensive
Center Left Wing Right Wing Defense Defense
Charlie Coyle Mats Zuccarello Tyler Seguin Jared Spurgeon Jani Hakanpaa
Goaltenders
Starting : Petr Mrazek
Backup : Carter Hart
Extra Forwards
Normal : Ross Colton, Ryan Donato, Jakob Silfverberg - PP : Ross Colton, Ryan Donato - PK : Jakob Silfverberg
Extra Defensemen
Normal : Matt Dumba, Johnathan Kovacevic, Radko Gudas - PP : Matt Dumba - PK : Johnathan Kovacevic, Radko Gudas
Penalty Shots
Charlie Coyle, Tyler Seguin, Mats Zuccarello, Mason McTavish, Erik Haula
Scratches
Jayden Struble (Healthy), Anthony Deangelo (Healthy), Scott Reedy (Healthy), Elvis Merzlikins (Healthy)
Montreal Canadiens
5 vs 5 Forward
Center Left Wing Right Wing Time % Phy DF OF
1 Dylan Larkin Juraj Slafkovsky Patrik Laine 40 1 2 2
2 Jake Evans Aliaksei Protas Martin Necas 30 1 2 2
3 Luke Glendening Vladislav Namestnikov Jonatan Berggren 20 1 2 2
4 Vasili Ponomarev Rasmus Asplund Evgeni Dadonov 10 1 2 2
5 vs 5 Defense
Defense Defense Time % Phy DF OF
1 Damon Severson Brady Skjei 35 1 4 0
2 Adam Fox Jack Johnson 30 1 4 0
3 Alexandre Carrier Ilya Lyubushkin 25 1 4 0
4 Adam Fox Brady Skjei 10 1 4 0
PowerPlay Forward
Center Left Wing Right Wing Time % Phy DF OF
1 Dylan Larkin Patrik Laine Martin Necas 60 0 0 5
2 Vladislav Namestnikov Aliaksei Protas Juraj Slafkovsky 40 0 0 5
PowerPlay Defense
Defense Defense Time % Phy DF OF
1 Adam Fox Brady Skjei 60 0 0 5
2 Alexandre Carrier Damon Severson 40 0 0 5
Penalty Kill 4 Players Forward
Center Wing Time % Phy DF OF
1 Jake Evans Luke Glendening 50 0 5 0
2 Vladislav Namestnikov Aliaksei Protas 50 0 5 0
Penalty Kill 4 Players Defense
Defense Defense Time % Phy DF OF
1 Adam Fox Brady Skjei 50 0 5 0
2 Damon Severson Jack Johnson 50 0 5 0
Penalty Kill - 3 Players Forward
Forward Time % Phy DF OF
1 Jake Evans 50 0 5 0
2 Luke Glendening 50 0 5 0
Penalty Kill - 3 Players Defense
Defense Defense Time % Phy DF OF
1 Adam Fox Brady Skjei 50 0 5 0
2 Damon Severson Jack Johnson 50 0 5 0
4 vs 4 Forward
Center Wing Time % Phy DF OF
1 Dylan Larkin Patrik Laine 50 1 2 2
2 Jake Evans Juraj Slafkovsky 50 1 2 2
4 vs 4 Defense
Defense Defense Time % Phy DF OF
1 Adam Fox Brady Skjei 50 1 2 2
2 Damon Severson Jack Johnson 50 1 2 2
Last Minutes Offensive
Center Left Wing Right Wing Defense Defense
Dylan Larkin Juraj Slafkovsky Martin Necas Adam Fox Brady Skjei
Last Minutes Defensive
Center Left Wing Right Wing Defense Defense
Dylan Larkin Luke Glendening Vladislav Namestnikov Adam Fox Brady Skjei
Goaltenders
Starting : David Rittich
Backup : Alexei Kolosov
Extra Forwards
Normal : Juraj Slafkovsky, Dylan Larkin, Patrik Laine - PP : Martin Necas, Patrik Laine - PK : Vladislav Namestnikov
Extra Defensemen
Normal : Adam Fox, Brady Skjei, Damon Severson - PP : Adam Fox - PK : Adam Fox, Brady Skjei
Penalty Shots
Patrik Laine, Vasili Ponomarev, Martin Necas, Juraj Slafkovsky, Dylan Larkin
Scratches
None
% Time on Ice - Arizona Coyotes
Lines # - Real PCT - Wanted PCT - Time Play
Normal Forward
1 - 30% - 30% - 13:24
2 - 27% - 30% - 11:42
3 - 25% - 25% - 11:09
4 - 18% - 15% - 7:49
Normal Defense
1 - 36% - 35% - 15:54
2 - 35% - 35% - 15:36
3 - 29% - 30% - 12:34
4 - 0% - 0% - 0:00
PP Forward
1 - 50% - 50% - 2:02
2 - 50% - 50% - 2:00
PP Defense
1 - 55% - 50% - 2:13
2 - 45% - 50% - 1:49
PK Forward
1 - 49% - 50% - 4:52
2 - 51% - 50% - 5:07
PK Defense
1 - 53% - 50% - 5:16
2 - 47% - 50% - 4:43
PK3 Forward
1 - 0% - 50%
2 - 0% - 50%
PK3 Defense
1 - 0% - 50%
2 - 0% - 50%
44 Forward
1 - 61% - 50% - 1:10
2 - 39% - 50% - 0:45
44 Defense
1 - 37% - 50% - 0:42
2 - 63% - 50% - 1:13
Last Minute Offensive - 0:00
Last Minute Defensive - 0:00
Total
Forward - 60:00
Defense - 60:00
|
% Time on Ice - Montreal Canadiens
Lines # - Real PCT - Wanted PCT - Time Play
Normal Forward
1 - 33% - 40% - 14:35
2 - 23% - 30% - 10:16
3 - 22% - 20% - 9:35
4 - 22% - 10% - 9:38
Normal Defense
1 - 39% - 35% - 17:06
2 - 31% - 30% - 13:30
3 - 26% - 25% - 11:20
4 - 5% - 10% - 2:08
PP Forward
1 - 66% - 60% - 6:38
2 - 34% - 40% - 3:21
PP Defense
1 - 64% - 60% - 6:21
2 - 36% - 40% - 3:38
PK Forward
1 - 51% - 50% - 2:04
2 - 49% - 50% - 1:58
PK Defense
1 - 71% - 50% - 2:51
2 - 29% - 50% - 1:11
PK3 Forward
1 - 0% - 50%
2 - 0% - 50%
PK3 Defense
1 - 0% - 50%
2 - 0% - 50%
44 Forward
1 - 50% - 50% - 0:57
2 - 50% - 50% - 0:58
44 Defense
1 - 83% - 50% - 1:35
2 - 17% - 50% - 0:20
Last Minute Offensive - 0:00
Last Minute Defensive - 0:00
Total
Forward - 60:00
Defense - 60:00
|
Play-by-Play
1st period
0:01 of 1st period - Charlie Coyle wins face-off versus Patrik Laine in neutral zone.
0:19 of 1st period - Jared Spurgeon is hit by Juraj Slafkovsky and loses puck.
0:32 of 1st period - Erik Haula is hit by Jack Johnson and loses puck.
0:39 of 1st period - Snap shot by Tyler Seguin.
0:39 of 1st period - Deflect By Erik Haula.
0:39 of 1st period - Stopped by David Rittich with a rebound.
1:17 of 1st period - Alexandre Carrier is hit by Radko Gudas and loses puck.
1:27 of 1st period - Off-side.
1:28 of 1st period - Jake Evans wins face-off versus Erik Haula in neutral zone.
1:59 of 1st period - Slapshot by Juraj Slafkovsky.
1:59 of 1st period - Shot Blocked by Charlie Coyle.
2:19 of 1st period - Slapshot by Ross Colton.
2:19 of 1st period - Shot Misses the Net.
2:21 of 1st period - Wrist shot by Brandon Tanev.
2:21 of 1st period - Shot Misses the Net.
2:50 of 1st period - Minor Penalty to Radko Gudas for Roughing.
2:51 of 1st period - Charlie Coyle wins face-off versus Dylan Larkin in Arizona Coyotes zone.
3:44 of 1st period - Brayden McNabb is hit by Alexandre Carrier and loses puck.
4:50 of 1st period - Penalty to Radko Gudas is over, Radko Gudas is back on ice.
5:00 of 1st period - Snap shot by Ross Colton.
5:00 of 1st period - Stopped by David Rittich without a rebound.
5:01 of 1st period - Ross Colton wins face-off versus Vasili Ponomarev in Montreal Canadiens zone.
5:04 of 1st period - Slapshot by Ross Colton.
5:04 of 1st period - Stopped by David Rittich with a rebound.
5:12 of 1st period - Jared Spurgeon is hit by Jack Johnson and loses puck.
5:29 of 1st period - Wrist shot by Vasili Ponomarev.
5:29 of 1st period - Shot Blocked by Jared Spurgeon.
5:35 of 1st period - Snap shot by Vasili Ponomarev.
5:35 of 1st period - Deflect By Evgeni Dadonov.
5:35 of 1st period - Stopped by Petr Mrazek with a rebound.
5:57 of 1st period - Slapshot by Vasili Ponomarev.
5:57 of 1st period - Stopped by Petr Mrazek without a rebound.
5:58 of 1st period - Luke Glendening wins face-off versus Erik Haula in Arizona Coyotes zone.
5:59 of 1st period - Wrist shot by Vladislav Namestnikov.
5:59 of 1st period - Deflect By Jonatan Berggren.
5:59 of 1st period - Stopped by Petr Mrazek with a rebound.
6:01 of 1st period - Wrist shot by Jonatan Berggren.
6:01 of 1st period - Goal by Jonatan Berggren - Arizona Coyotes : 0 - Montreal Canadiens : 1.
6:02 of 1st period - Dylan Larkin wins face-off versus Erik Haula in neutral zone.
6:02 of 1st period - Dylan Larkin is hit by Erik Haula.
7:08 of 1st period - Snap shot by Mark Jankowski.
7:08 of 1st period - Shot Misses the Net.
7:10 of 1st period - Wrist shot by Matt Dumba.
7:10 of 1st period - Shot Misses the Net.
7:12 of 1st period - Slapshot by Matt Dumba.
7:12 of 1st period - Shot Blocked by Jack Johnson.
7:14 of 1st period - Snap shot by Brandon Tanev.
7:14 of 1st period - Stopped by David Rittich with a rebound.
7:30 of 1st period - Radko Gudas is hit by Dylan Larkin and loses puck.
7:53 of 1st period - Wrist shot by Tyler Seguin.
7:53 of 1st period - Stopped by David Rittich with a rebound.
8:24 of 1st period - Wrist shot by Mats Zuccarello.
8:24 of 1st period - Shot Blocked by Ilya Lyubushkin.
8:26 of 1st period - Wrist shot by Mason McTavish.
8:26 of 1st period - Stopped by David Rittich without a rebound.
8:27 of 1st period - Dylan Larkin wins face-off versus Erik Haula in Montreal Canadiens zone.
8:31 of 1st period - Off-side.
8:32 of 1st period - Juraj Slafkovsky wins face-off versus Zach Parise in neutral zone.
8:59 of 1st period - Slapshot by Jake Evans.
8:59 of 1st period - Shot Blocked by Jared Spurgeon.
9:01 of 1st period - Snap shot by Jake Evans.
9:01 of 1st period - Shot Misses the Net.
9:03 of 1st period - Snap shot by Damon Severson.
9:03 of 1st period - Deflect By Martin Necas.
9:03 of 1st period - Stopped by Petr Mrazek without a rebound.
9:04 of 1st period - Jake Evans wins face-off versus Charlie Coyle in Arizona Coyotes zone.
9:13 of 1st period - Brayden McNabb is hit by Adam Fox and loses puck.
9:30 of 1st period - Tyler Seguin is hit by Dylan Larkin and loses puck.
11:15 of 1st period - Dylan Larkin is hit by Ryan Donato and loses puck.
11:32 of 1st period - Slapshot by Adam Fox.
11:32 of 1st period - Stopped by Petr Mrazek with a rebound.
11:50 of 1st period - Snap shot by Mark Jankowski.
11:50 of 1st period - Stopped by David Rittich without a rebound.
11:51 of 1st period - Dylan Larkin wins face-off versus Charlie Coyle in Montreal Canadiens zone.
11:57 of 1st period - Icing by Dylan Larkin.
11:58 of 1st period - Erik Haula wins face-off versus Dylan Larkin in Montreal Canadiens zone.
11:59 of 1st period - Snap shot by Tyler Seguin.
11:59 of 1st period - Stopped by David Rittich with a rebound.
12:05 of 1st period - Slapshot by Erik Haula.
12:05 of 1st period - Shot Misses the Net.
12:07 of 1st period - Slapshot by Zach Parise.
12:07 of 1st period - Stopped by David Rittich without a rebound.
12:08 of 1st period - Dylan Larkin wins face-off versus Erik Haula in Montreal Canadiens zone.
12:58 of 1st period - Snap shot by Ondrej Palat.
12:58 of 1st period - Stopped by David Rittich with a rebound.
14:00 of 1st period - Jani Hakanpaa is hit by Luke Glendening.
14:10 of 1st period - Slapshot by Charlie Coyle.
14:10 of 1st period - Shot Misses the Net.
14:20 of 1st period - Slapshot by Adam Fox.
14:20 of 1st period - Shot Blocked by Jani Hakanpaa.
14:22 of 1st period - Wrist shot by Dylan Larkin.
14:22 of 1st period - Stopped by Petr Mrazek with a rebound.
15:14 of 1st period - Snap shot by Erik Haula.
15:14 of 1st period - Stopped by David Rittich with a rebound.
15:16 of 1st period - Slapshot by Jared Spurgeon.
15:16 of 1st period - Stopped by David Rittich without a rebound.
15:17 of 1st period - Charlie Coyle wins face-off versus Dylan Larkin in Montreal Canadiens zone.
15:22 of 1st period - Snap shot by Charlie Coyle.
15:22 of 1st period - Shot Misses the Net.
15:30 of 1st period - Slapshot by Charlie Coyle.
15:30 of 1st period - Deflect By Dylan Larkin.
15:30 of 1st period - Shot Misses the Net.
15:30 of 1st period - Puck is out of play.
15:31 of 1st period - Erik Haula wins face-off versus Dylan Larkin in Montreal Canadiens zone.
15:34 of 1st period - Snap shot by Erik Haula.
15:34 of 1st period - Stopped by David Rittich without a rebound.
15:35 of 1st period - Dylan Larkin wins face-off versus Erik Haula in Montreal Canadiens zone.
15:40 of 1st period - Radko Gudas is hit by Brady Skjei and loses puck.
16:20 of 1st period - Icing by Martin Necas.
16:21 of 1st period - Luke Glendening wins face-off versus Ross Colton in Montreal Canadiens zone.
16:34 of 1st period - Snap shot by Vladislav Namestnikov.
16:34 of 1st period - Stopped by Petr Mrazek without a rebound.
16:35 of 1st period - Juraj Slafkovsky wins face-off versus Charlie Coyle in Arizona Coyotes zone.
17:19 of 1st period - Minor Penalty to Mason McTavish for Roughing.
17:20 of 1st period - Charlie Coyle wins face-off versus Dylan Larkin in Arizona Coyotes zone.
19:19 of 1st period - Penalty to Mason McTavish is over, Mason McTavish is back on ice.
19:46 of 1st period - Ilya Lyubushkin is hit by Ondrej Palat and loses puck.
19:57 of 1st period - Radko Gudas is hit by Ilya Lyubushkin and loses puck.
Goals for this period are 0 for Arizona Coyotes vs 1 for Montreal Canadiens.
Shots for this period are 13 for Arizona Coyotes vs 8 for Montreal Canadiens.
2nd period
0:01 of 2nd period - Erik Haula wins face-off versus Dylan Larkin in neutral zone.
0:06 of 2nd period - Dylan Larkin is hit by Brayden McNabb.
0:31 of 2nd period - Slapshot by Ross Colton.
0:31 of 2nd period - Deflect By Brandon Tanev.
0:31 of 2nd period - Stopped by David Rittich without a rebound.
0:32 of 2nd period - Ross Colton wins face-off versus Jake Evans in Montreal Canadiens zone.
0:35 of 2nd period - Wrist shot by Ross Colton.
0:35 of 2nd period - Stopped by David Rittich with a rebound.
0:37 of 2nd period - Backhand shot by Brandon Tanev.
0:37 of 2nd period - Goal by Brandon Tanev - Arizona Coyotes : 1 - Montreal Canadiens : 1.
0:38 of 2nd period - Charlie Coyle wins face-off versus Dylan Larkin in neutral zone.
1:08 of 2nd period - Wrist shot by Martin Necas.
1:08 of 2nd period - Stopped by Petr Mrazek without a rebound.
1:09 of 2nd period - Ross Colton wins face-off versus Jake Evans in Arizona Coyotes zone.
1:34 of 2nd period - Radko Gudas is hit by Dylan Larkin and loses puck.
2:57 of 2nd period - Snap shot by Martin Necas.
2:57 of 2nd period - Shot Misses the Net.
3:05 of 2nd period - Wrist shot by Dylan Larkin.
3:05 of 2nd period - Shot Misses the Net.
3:07 of 2nd period - Slapshot by Patrik Laine.
3:07 of 2nd period - Stopped by Petr Mrazek with a rebound.
3:29 of 2nd period - Slapshot by Charlie Coyle.
3:29 of 2nd period - Shot Blocked by Vladislav Namestnikov.
4:02 of 2nd period - Icing by Mark Jankowski.
4:03 of 2nd period - Dylan Larkin wins face-off versus Ross Colton in Arizona Coyotes zone.
4:06 of 2nd period - Slapshot by Dylan Larkin.
4:06 of 2nd period - Stopped by Petr Mrazek without a rebound.
4:07 of 2nd period - Dylan Larkin wins face-off versus Ross Colton in Arizona Coyotes zone.
4:57 of 2nd period - Zach Parise is hit by Luke Glendening and loses puck.
5:36 of 2nd period - Radko Gudas is hit by Brady Skjei and loses puck.
5:57 of 2nd period - Wrist shot by Martin Necas.
5:57 of 2nd period - Stopped by Petr Mrazek without a rebound.
5:58 of 2nd period - Erik Haula wins face-off versus Jake Evans in Arizona Coyotes zone.
6:09 of 2nd period - Snap shot by Tyler Seguin.
6:09 of 2nd period - Deflect By Erik Haula.
6:09 of 2nd period - Stopped by David Rittich with a rebound.
8:07 of 2nd period - Wrist shot by Jonatan Berggren.
8:07 of 2nd period - Shot Blocked by Radko Gudas.
8:09 of 2nd period - Wrist shot by Jonatan Berggren.
8:09 of 2nd period - Stopped by Petr Mrazek with a rebound.
8:11 of 2nd period - Slapshot by Brady Skjei.
8:11 of 2nd period - Deflect By Jonatan Berggren.
8:11 of 2nd period - Shot Misses the Net.
8:11 of 2nd period - Puck is out of play.
8:12 of 2nd period - Erik Haula wins face-off versus Luke Glendening in Arizona Coyotes zone.
8:53 of 2nd period - Minor Penalty to Adam Fox for Tripping.
8:54 of 2nd period - Jake Evans wins face-off versus Charlie Coyle in Montreal Canadiens zone.
9:19 of 2nd period - Jani Hakanpaa is hit by Brady Skjei and loses puck.
9:26 of 2nd period - Slapshot by Jared Spurgeon.
9:26 of 2nd period - Deflect By Mason McTavish.
9:26 of 2nd period - Shot Blocked by Jack Johnson.
9:26 of 2nd period - Puck is out of play.
9:27 of 2nd period - Jake Evans wins face-off versus Charlie Coyle in Montreal Canadiens zone.
9:27 of 2nd period - Jake Evans is hit by Tyler Seguin.
10:30 of 2nd period - Brandon Tanev is hit by Ilya Lyubushkin and loses puck.
10:53 of 2nd period - Penalty to Adam Fox is over, Adam Fox is back on ice.
11:14 of 2nd period - Patrik Laine is hit by Mark Jankowski and loses puck.
11:33 of 2nd period - Icing by Vasili Ponomarev.
11:34 of 2nd period - Erik Haula wins face-off versus Rasmus Asplund in Montreal Canadiens zone.
11:45 of 2nd period - Wrist shot by Tyler Seguin.
11:45 of 2nd period - Shot Misses the Net.
11:47 of 2nd period - Slapshot by Johnathan Kovacevic.
11:47 of 2nd period - Deflect By Tyler Seguin.
11:47 of 2nd period - Stopped by David Rittich with a rebound.
12:02 of 2nd period - Icing by Mats Zuccarello.
12:03 of 2nd period - Dylan Larkin wins face-off versus Mats Zuccarello in Arizona Coyotes zone.
12:04 of 2nd period - Snap shot by Juraj Slafkovsky.
12:04 of 2nd period - Stopped by Petr Mrazek with a rebound.
12:26 of 2nd period - Wrist shot by Dylan Larkin.
12:26 of 2nd period - Shot Misses the Net.
12:38 of 2nd period - Wrist shot by Mason McTavish.
12:38 of 2nd period - Shot Misses the Net.
12:40 of 2nd period - Snap shot by Matt Dumba.
12:40 of 2nd period - Shot Misses the Net.
12:42 of 2nd period - Slapshot by Matt Dumba.
12:42 of 2nd period - Shot Blocked by Juraj Slafkovsky.
12:44 of 2nd period - Slapshot by Johnathan Kovacevic.
12:44 of 2nd period - Shot Blocked by Brady Skjei.
13:06 of 2nd period - Wrist shot by Charlie Coyle.
13:06 of 2nd period - Stopped by David Rittich with a rebound.
13:08 of 2nd period - Snap shot by Mats Zuccarello.
13:08 of 2nd period - Deflect By Mason McTavish.
13:08 of 2nd period - Stopped by David Rittich with a rebound.
13:10 of 2nd period - Slapshot by Johnathan Kovacevic.
13:10 of 2nd period - Shot Misses the Net.
13:12 of 2nd period - Snap shot by Johnathan Kovacevic.
13:12 of 2nd period - Stopped by David Rittich with a rebound.
13:14 of 2nd period - Slapshot by Matt Dumba.
13:14 of 2nd period - Shot Misses the Net.
13:16 of 2nd period - Backhand shot by Johnathan Kovacevic.
13:16 of 2nd period - Stopped by David Rittich without a rebound.
13:17 of 2nd period - Martin Necas wins face-off versus Erik Haula in Montreal Canadiens zone.
13:22 of 2nd period - Martin Necas is hit by Erik Haula and loses puck.
14:54 of 2nd period - Luke Glendening is hit by Radko Gudas and loses puck.
15:35 of 2nd period - Wrist shot by Aliaksei Protas.
15:35 of 2nd period - Shot Blocked by Radko Gudas.
15:37 of 2nd period - Wrist shot by Jake Evans.
15:37 of 2nd period - Shot Misses the Net.
15:39 of 2nd period - Slapshot by Ilya Lyubushkin.
15:39 of 2nd period - Shot Misses the Net.
15:41 of 2nd period - Snap shot by Martin Necas.
15:41 of 2nd period - Shot Misses the Net.
16:07 of 2nd period - Wrist shot by Dylan Larkin.
16:07 of 2nd period - Stopped by Petr Mrazek without a rebound.
16:08 of 2nd period - Jake Evans wins face-off versus Charlie Coyle in Arizona Coyotes zone.
16:29 of 2nd period - Minor Penalty to Mason McTavish for Hooking.
16:30 of 2nd period - Charlie Coyle wins face-off versus Dylan Larkin in Arizona Coyotes zone.
16:55 of 2nd period - Tyler Seguin is hit by Brady Skjei and loses puck.
17:21 of 2nd period - Snap shot by Mats Zuccarello.
17:21 of 2nd period - Goal by Mats Zuccarello - Arizona Coyotes : 2 - Montreal Canadiens : 1.
17:22 of 2nd period - Dylan Larkin wins face-off versus Charlie Coyle in neutral zone.
17:49 of 2nd period - Radko Gudas is hit by Adam Fox and loses puck.
17:57 of 2nd period - Icing by Vladislav Namestnikov.
17:58 of 2nd period - Mats Zuccarello wins face-off versus Vladislav Namestnikov in Montreal Canadiens zone.
18:01 of 2nd period - Snap shot by Mats Zuccarello.
18:01 of 2nd period - Deflect By Jakob Silfverberg.
18:01 of 2nd period - Shot Misses the Net.
18:01 of 2nd period - Puck is out of play.
18:02 of 2nd period - Mats Zuccarello wins face-off versus Dylan Larkin in Montreal Canadiens zone.
18:09 of 2nd period - Wrist shot by Martin Necas.
18:09 of 2nd period - Stopped by Petr Mrazek with a rebound.
18:29 of 2nd period - Penalty to Mason McTavish is over, Mason McTavish is back on ice.
19:14 of 2nd period - Matt Dumba is hit by Martin Necas and loses puck.
19:23 of 2nd period - Wrist shot by Johnathan Kovacevic.
19:23 of 2nd period - Deflect By Mats Zuccarello.
19:23 of 2nd period - Stopped by David Rittich with a rebound.
19:42 of 2nd period - Wrist shot by Dylan Larkin.
19:42 of 2nd period - Shot Misses the Net.
19:50 of 2nd period - Minor Penalty to Juraj Slafkovsky for High sticking.
19:51 of 2nd period - Mason McTavish wins face-off versus Jake Evans in Montreal Canadiens zone.
Goals for this period are 2 for Arizona Coyotes vs 0 for Montreal Canadiens.
Shots for this period are 11 for Arizona Coyotes vs 8 for Montreal Canadiens.
3rd period
0:01 of 3rd period - Mason McTavish wins face-off versus Vladislav Namestnikov in neutral zone.
0:25 of 3rd period - Mats Zuccarello is hit by Vladislav Namestnikov and loses puck.
1:33 of 3rd period - Vladislav Namestnikov is hit by Jared Spurgeon and loses puck.
1:50 of 3rd period - Penalty to Juraj Slafkovsky is over, Juraj Slafkovsky is back on ice.
2:24 of 3rd period - Snap shot by Ross Colton.
2:24 of 3rd period - Deflect By Brandon Tanev.
2:24 of 3rd period - Goal by Brandon Tanev - Arizona Coyotes : 3 - Montreal Canadiens : 1.
2:25 of 3rd period - Dylan Larkin wins face-off versus Ross Colton in neutral zone.
2:50 of 3rd period - Juraj Slafkovsky is hit by Radko Gudas and loses puck.
3:18 of 3rd period - Dylan Larkin is hit by Mark Jankowski and loses puck.
3:23 of 3rd period - Snap shot by Ondrej Palat.
3:23 of 3rd period - Shot Misses the Net.
3:25 of 3rd period - Wrist shot by Mark Jankowski.
3:25 of 3rd period - Goal by Mark Jankowski - Arizona Coyotes : 4 - Montreal Canadiens : 1.
3:26 of 3rd period - Erik Haula wins face-off versus Jake Evans in neutral zone.
3:55 of 3rd period - Snap shot by Adam Fox.
3:55 of 3rd period - Stopped by Petr Mrazek with a rebound.
3:57 of 3rd period - Snap shot by Jonatan Berggren.
3:57 of 3rd period - Shot Misses the Net.
4:17 of 3rd period - Slapshot by Adam Fox.
4:17 of 3rd period - Stopped by Petr Mrazek without a rebound.
4:18 of 3rd period - Charlie Coyle wins face-off versus Vasili Ponomarev in Arizona Coyotes zone.
5:30 of 3rd period - Minor Penalty to Radko Gudas for Roughing.
5:31 of 3rd period - Dylan Larkin wins face-off versus Jakob Silfverberg in Arizona Coyotes zone.
5:34 of 3rd period - Minor Penalty to Brady Skjei for Tripping.
5:35 of 3rd period - Dylan Larkin wins face-off versus Charlie Coyle in Montreal Canadiens zone.
5:39 of 3rd period - Wrist shot by Tyler Seguin.
5:39 of 3rd period - Stopped by David Rittich with a rebound.
5:55 of 3rd period - Slapshot by Jake Evans.
5:55 of 3rd period - Shot Blocked by Jani Hakanpaa.
7:30 of 3rd period - Penalty to Radko Gudas is over, Radko Gudas is back on ice.
7:34 of 3rd period - Penalty to Brady Skjei is over, Brady Skjei is back on ice.
7:38 of 3rd period - Snap shot by Brady Skjei.
7:38 of 3rd period - Stopped by Petr Mrazek without a rebound.
7:39 of 3rd period - Luke Glendening wins face-off versus Mark Jankowski in Arizona Coyotes zone.
8:14 of 3rd period - Snap shot by Ryan Donato.
8:14 of 3rd period - Shot Misses the Net.
8:16 of 3rd period - Slapshot by Jani Hakanpaa.
8:16 of 3rd period - Stopped by David Rittich without a rebound.
8:17 of 3rd period - Erik Haula wins face-off versus Dylan Larkin in Montreal Canadiens zone.
8:22 of 3rd period - Snap shot by Erik Haula.
8:22 of 3rd period - Shot Blocked by Juraj Slafkovsky.
8:28 of 3rd period - Johnathan Kovacevic is hit by Patrik Laine and loses puck.
8:43 of 3rd period - Martin Necas is hit by Brandon Tanev and loses puck.
9:06 of 3rd period - Damon Severson is hit by Mason McTavish and loses puck.
9:17 of 3rd period - Snap shot by Mats Zuccarello.
9:17 of 3rd period - Stopped by David Rittich with a rebound.
9:42 of 3rd period - Icing by Jakob Silfverberg.
9:43 of 3rd period - Mark Jankowski wins face-off versus Vasili Ponomarev in Arizona Coyotes zone.
9:50 of 3rd period - Wrist shot by Erik Haula.
9:50 of 3rd period - Shot Blocked by Vasili Ponomarev.
9:52 of 3rd period - Slapshot by Erik Haula.
9:52 of 3rd period - Goal by Erik Haula - Arizona Coyotes : 5 - Montreal Canadiens : 1.
9:53 of 3rd period - Dylan Larkin wins face-off versus Erik Haula in neutral zone.
9:56 of 3rd period - Wrist shot by Patrik Laine.
9:56 of 3rd period - Shot Blocked by Jared Spurgeon.
9:58 of 3rd period - Snap shot by Patrik Laine.
9:58 of 3rd period - Shot Blocked by Erik Haula.
10:00 of 3rd period - Minor Penalty to Erik Haula for Roughing.
10:01 of 3rd period - Dylan Larkin wins face-off versus Charlie Coyle in Arizona Coyotes zone.
10:04 of 3rd period - Snap shot by Dylan Larkin.
10:04 of 3rd period - Stopped by Petr Mrazek without a rebound.
10:05 of 3rd period - Dylan Larkin wins face-off versus Charlie Coyle in Arizona Coyotes zone.
10:18 of 3rd period - Jared Spurgeon is hit by Dylan Larkin and loses puck.
12:00 of 3rd period - Penalty to Erik Haula is over, Erik Haula is back on ice.
12:01 of 3rd period - Erik Haula is hit by Adam Fox.
12:17 of 3rd period - Ryan Donato is hit by Luke Glendening and loses puck.
12:54 of 3rd period - Backhand shot by Ondrej Palat.
12:54 of 3rd period - Stopped by David Rittich with a rebound.
12:56 of 3rd period - Slapshot by Jakob Silfverberg.
12:56 of 3rd period - Shot Misses the Net.
13:22 of 3rd period - Minor Penalty to Ross Colton for Interference.
13:23 of 3rd period - Dylan Larkin wins face-off versus Charlie Coyle in Arizona Coyotes zone.
13:30 of 3rd period - Snap shot by Martin Necas.
13:30 of 3rd period - Stopped by Petr Mrazek without a rebound.
13:31 of 3rd period - Charlie Coyle wins face-off versus Dylan Larkin in Arizona Coyotes zone.
13:31 of 3rd period - Charlie Coyle is hit by Brady Skjei.
13:37 of 3rd period - Dylan Larkin is hit by Tyler Seguin and loses puck.
13:46 of 3rd period - Tyler Seguin is hit by Dylan Larkin and loses puck.
14:29 of 3rd period - Snap shot by Martin Necas.
14:29 of 3rd period - Stopped by Petr Mrazek without a rebound.
14:30 of 3rd period - Charlie Coyle wins face-off versus Vladislav Namestnikov in Arizona Coyotes zone.
14:41 of 3rd period - Snap shot by Mason McTavish.
14:41 of 3rd period - Stopped by David Rittich with a rebound.
15:22 of 3rd period - Penalty to Ross Colton is over, Ross Colton is back on ice.
15:35 of 3rd period - Snap shot by Ryan Donato.
15:35 of 3rd period - Deflect By Brandon Tanev.
15:35 of 3rd period - Stopped by David Rittich with a rebound.
15:37 of 3rd period - Slapshot by Johnathan Kovacevic.
15:37 of 3rd period - Deflect By Ryan Donato.
15:37 of 3rd period - Shot Misses the Net.
15:37 of 3rd period - Puck is out of play.
15:38 of 3rd period - Erik Haula wins face-off versus Vasili Ponomarev in Montreal Canadiens zone.
15:39 of 3rd period - Wrist shot by Tyler Seguin.
15:39 of 3rd period - Stopped by David Rittich with a rebound.
16:01 of 3rd period - Slapshot by Jared Spurgeon.
16:01 of 3rd period - Stopped by David Rittich with a rebound.
16:38 of 3rd period - Martin Necas is hit by Radko Gudas.
16:47 of 3rd period - Icing by Adam Fox.
16:48 of 3rd period - Jake Evans wins face-off versus Tyler Seguin in Montreal Canadiens zone.
17:12 of 3rd period - Adam Fox is hit by Mason McTavish and loses puck.
17:15 of 3rd period - Snap shot by Patrik Laine.
17:15 of 3rd period - Shot Misses the Net.
17:17 of 3rd period - Slapshot by Adam Fox.
17:17 of 3rd period - Stopped by Petr Mrazek without a rebound.
17:18 of 3rd period - Dylan Larkin wins face-off versus Ross Colton in Arizona Coyotes zone.
17:35 of 3rd period - Damon Severson is hit by Radko Gudas and loses puck.
17:46 of 3rd period - Zach Parise is hit by Brady Skjei and loses puck.
18:13 of 3rd period - Slapshot by Aliaksei Protas.
18:13 of 3rd period - Shot Misses the Net.
18:15 of 3rd period - Snap shot by Damon Severson.
18:15 of 3rd period - Stopped by Petr Mrazek without a rebound.
18:16 of 3rd period - Dylan Larkin wins face-off versus Charlie Coyle in Arizona Coyotes zone.
18:17 of 3rd period - Slapshot by Juraj Slafkovsky.
18:17 of 3rd period - Stopped by Petr Mrazek without a rebound.
18:18 of 3rd period - Dylan Larkin wins face-off versus Charlie Coyle in Arizona Coyotes zone.
18:27 of 3rd period - Snap shot by Mats Zuccarello.
18:27 of 3rd period - Shot Misses the Net.
18:56 of 3rd period - Snap shot by Martin Necas.
18:56 of 3rd period - Stopped by Petr Mrazek with a rebound.
19:26 of 3rd period - Jared Spurgeon is hit by Brady Skjei and loses puck.
Goals for this period are 3 for Arizona Coyotes vs 0 for Montreal Canadiens.
Shots for this period are 11 for Arizona Coyotes vs 10 for Montreal Canadiens.
Back to the Top